 Dungeon Crawl Stone Soup version 0.19.1-1-g22dce08 (webtiles) character file.

1312 theAP the Basher (level 8, -5/79 HPs)
             Began as a Gargoyle Fighter on Jan 18, 2017.
             Slain by Atlantean's ghost (10 damage)
             ... on level 6 of the Dungeon.
             The game lasted 00:11:16 (3554 turns).

theAP the Basher (Gargoyle Fighter)                 Turns: 3554, Time: 00:11:17

Health: -5/79      AC: 24    Str: 23    XL:     8   Next: 58%
Magic:  8/8        EV:  2    Int:  8    God:
Gold:   154        SH:  9    Dex:  9    Spells: 0 memorised, 7 levels left

rFire  . . .     SeeInvis .     y - +3 flail
rCold  + . .     Gourm    .     (armour currently unavailable)
rNeg   + + +     Faith    .     c - +0 shield
rPois  ∞         Spirit   .     (helmet currently unavailable)
rElec  .         Reflect  .     (cloak currently unavailable)
rCorr  .         Harm     .     (gloves currently unavailable)
MR     .....     NoTele   +     (boots currently unavailable)
Stlth  +.........               (no amulet)
                                (no ring)
                                A - ring of protection from cold

@: tree-form
A: negative energy resistance 1, (electricity resistance), (unbreathing),
petrification resistance, rot immunity, AC +5
a: no special abilities


You were on level 6 of the Dungeon.
You were not hungry.
You were a tree.
You visited 1 branch of the dungeon, and saw 6 of its levels.

You collected 154 gold pieces.

Inventory:

Hand Weapons
 a - a +0 flail
 g - a +0 whip
 q - a +0 morningstar
 y - a +3 flail (weapon)
Armour
 c - a +0 shield (worn)
 v - a +0 chain mail (melded)
Jewellery
 A - a ring of protection from cold (left branch)
Wands
 o - a wand of disintegration (0/24)
 z - a wand of digging (21/24)
Scrolls
 b - a scroll of identify
 d - a scroll of amnesia
 m - 3 scrolls of remove curse
 t - a scroll of fog
 w - a scroll of noise {unknown}
Potions
 e - a potion of cancellation
 h - a potion of degeneration
 i - a potion of flight
 j - a potion of invisibility
 k - a potion of ambrosia
 n - a potion of agility
 p - a potion of might
 u - a potion of curing {unknown}
Comestibles
 f - 3 bread rations
 r - a meat ration
 x - 2 chunks of flesh


   Skills:
 + Level 7.1 Fighting
 * Level 8.6 Maces & Flails
 - Level 3.2 Armour
 - Level 3.2 Shields


You had 7 spell levels left.
You didn't know any spells.

Dungeon Overview and Level Annotations

Branches:
Dungeon (6/15)
 Temple: D:4-7

Altars:

Shops:
D:5 =[*:

Annotations:
D:5 Dowan, Duvessa, Grinder
D:6 Atlantean's ghost, novice DsFi


Innate Abilities, Weirdness & Mutations

You are resistant to torment.
((Your stone body is resilient. (AC +5)))
You are immune to poison.
You resist negative energy. (rN+)
((You are resistant to electric shocks. (rElec)))
((You can survive without breathing.))
You are immune to petrification.
You are immune to rotting.


Message History

Atlantean's ghost is moderately damaged.
Atlantean's ghost hits you!
You hit Atlantean's ghost.
Atlantean's ghost is moderately damaged.
Atlantean's ghost hits you!
You bludgeon Atlantean's ghost!!
Atlantean's ghost is heavily damaged.
Atlantean's ghost says, "Ah, a second chance to prove myself in battle!"
Atlantean's ghost hits you!
* * * LOW HITPOINT WARNING * * *
You miss Atlantean's ghost.
Atlantean's ghost is heavily damaged.
Atlantean's ghost hits you!
* * * LOW HITPOINT WARNING * * *
It was a potion of lignification.
You turn into a tree.
Your +0 chain mail melds into your body.
Your roots penetrate the ground.
You block Atlantean's ghost's attack.
It was a potion of magic.
Magic courses through your body. Atlantean's ghost hits you!
You die...

............. #.
............ ...........
................
.........#...... ..
.........#...... ..(
.........#...... ...
#########..W##...... ..
#......##.#♣##...... # #
#.........#...##### #.#
#.......#.###.....# #..
#.......#.........# ##
#.....#.###.......# #.
#.....#...........# #### #.
#...#.###......#####.... #.
#.. #..........#......#####.
#...###........#........#...


You could see Atlantean's ghost.

Vanquished Creatures
  The ghost of ponk the Covert, a novice OpAs (D:4)
  A sky beast (D:6)
  A centaur (D:6)
  3 scorpions
  4 wights (D:6)
  A howler monkey (D:5)
  2 hounds (D:6)
  5 orc wizards
  An orc priest (D:4)
  A centaur skeleton (D:3)
  Ijyb (D:3)
  Natasha (thrice) (D:2)
  A hound skeleton (D:4)
  A worker ant zombie (D:6)
  7 adders
  An adder skeleton (D:4)
  3 worms
  11 orcs
  3 bats
  5 giant cockroaches
  11 hobgoblins
  4 jackals (D:3)
  A quokka (D:4)
  4 frilled lizards
  9 goblins
  7 kobolds
  6 rats
98 creatures vanquished.

Notes
Turn   | Place    | Note
-------+----------+-------------------------------------------
     0 | D:1      | theAP the Gargoyle Fighter began the quest for the Orb.
     0 | D:1      | Reached XP level 1. HP: 14/14 MP: 1/1
   201 | D:1      | Reached XP level 2. HP: 16/19 MP: 2/2
   459 | D:2      | Reached skill level 3 in Maces & Flails
   459 | D:2      | Reached XP level 3. HP: 22/23 MP: 3/3
   772 | D:2      | Noticed Natasha
   783 | D:2      | Killed Natasha
   783 | D:2      | Reached XP level 4. HP: 17/29 MP: 4/4
   989 | D:2      | Noticed Natasha
   994 | D:2      | Killed Natasha
   994 | D:2      | Reached skill level 4 in Maces & Flails
  1277 | D:2      | Noticed Natasha
  1277 | D:2      | Killed Natasha
  1277 | D:2      | Reached XP level 5. HP: 34/34 MP: 5/5
  1840 | D:3      | Noticed Ijyb
  1879 | D:3      | Killed Ijyb
  1879 | D:3      | Reached skill level 5 in Maces & Flails
  1879 | D:3      | Reached XP level 6. HP: 36/40 MP: 6/6
  2143 | D:4      | Noticed ponk's ghost (novice OpAs)
  2164 | D:4      | Killed ponk's ghost
  2164 | D:4      | Reached skill level 5 in Fighting
  2164 | D:4      | Reached skill level 6 in Maces & Flails
  2164 | D:4      | Reached XP level 7. HP: 28/44 MP: 7/7
  2646 | D:5      | Entered Level 5 of the Dungeon
  2646 | D:5      | Found Ubli's Armour Emporium.
  2646 | D:5      | Found Uziaforr's Book Emporium.
  2646 | D:5      | Found Enisajake's Assorted Antiques.
  2647 | D:5      | Found Zyttiysk's Jewellery Emporium.
  2667 | D:5      | Reached skill level 7 in Maces & Flails
  2966 | D:5      | Noticed Grinder
  2967 | D:5      | Noticed Dowan
  2968 | D:5      | Noticed Duvessa
  2988 | D:5      | Paralysed by Grinder for 7 turns
  3296 | D:6      | Reached XP level 8. HP: 43/52 MP: 8/8
  3416 | D:6      | Reached skill level 8 in Maces & Flails
  3531 | D:6      | Noticed Atlantean's ghost (novice DsFi)
  3554 | D:6      | Slain by Atlantean's ghost

Skill      XL: |  1  2  3  4  5  6  7  8 |
---------------+-------------------------+-----
Maces & Flails | 3 4 5 6 7 8 |  8.6
Fighting       | 4 5 6 7 |  7.1
Armour         | |  3.2
Shields        | |  3.2

Action                   |  1- 3 |  4- 6 |  7- 9 || total
-------------------------+-------+-------+-------++-------
Melee: Flail             |    72 |       |    14 ||    86
       Whip              |    26 |   222 |    63 ||   311
       Morningstar       |       |       |   130 ||   130
Evoke: Wand              |       |     3 |     2 ||     5
  Use: Scroll            |     4 |     4 |     6 ||    14
       Potion            |       |     1 |     3 ||     4
  Eat: Chunk             |       |     5 |     5 ||    10
Armor: Scale mail        |    42 |    86 |    16 ||   144
       Chain mail        |       |       |   145 ||   145
Dodge: Dodged            |    25 |    62 |    41 ||   128
Block: Shield            |    54 |    84 |    76 ||   214
